 Dungeon Crawl Stone Soup version 0.20.0-8-g6b59dc7 (webtiles) character file.

120 lauthentik the Sneak (level 4, 0/31 HPs)
             Began as a Vampire Enchanter on June 1, 2017.
             Slain by an adder (2 damage)
             ... on level 3 of the Dungeon.
             The game lasted 00:07:23 (1578 turns).

lauthentik the Sneak (Vampire Enchanter)            Turns: 1578, Time: 00:07:24

Health: 0/31       AC:  2    Str:  7    XL:     4   Next: 75%
Magic:  0/7        EV: 13    Int: 18    God:
Gold:   217        SH:  0    Dex: 14    Spells: 2/8 levels left

rFire    . . .     SeeInvis +   a - +1 dagger
rCold    + . .     Gourm    .   (no shield)
rNeg     + + .     Faith    .   b - +0 robe
rPois    +         Spirit   .   (no helmet)
rElec    .         Reflect  .   (no cloak)
rCorr    .         Harm     .   (no gloves)
MR       .....                  (no boots)
Stlth    ++++......             (no amulet)
Regen    0.1/turn               (no ring)
MPRegen  0.1/turn               (no ring)

@: regenerating slowly
A: fangs 3, see invisible, unbreathing
a: Bat Form


You were on level 3 of the Dungeon.
You were very thirsty.

You visited 1 branch of the dungeon, and saw 3 of its levels.

You collected 217 gold pieces.

Inventory:

Hand Weapons
 a - a +1 dagger (weapon)
 p - a +0 blowgun
Missiles
 g - 15 poisoned needles
Armour
 b - a +0 robe (worn)
 j - a +0 helmet
Jewellery
 i - an uncursed ring of ice {unknown}
Scrolls
 e - a scroll of remove curse {unknown}
 k - a scroll of magic mapping {unknown}
 l - a scroll of fog {unknown}
 m - a scroll of teleportation {unknown}
 n - a scroll of enchant armour {unknown}
 q - 2 scrolls of identify {unknown}
Potions
 d - 20 potions of blood
 f - 2 potions of haste {unknown}
 h - 3 potions of heal wounds {unknown}
 o - a potion of curing {unknown}
Books
 c - a book of Maledictions

   Spells                             Type                      Level
   a - Corona                         Hexes                        1
   b - Ensorcelled Hibernation        Hexes/Ice                    2
   c - Confuse                        Hexes                        3
   d - Tukima's Dance                 Hexes                        3
   e - Dazzling Spray                 Conjuration/Hexes            3


   Skills:
 + Level 0.3 Fighting
 + Level 1.5 Short Blades
 + Level 2.8 Dodging
 + Level 6.6 Stealth
 + Level 2.5 Spellcasting
 + Level 5.0 Hexes
 + Level 0.6 Ice Magic


You had 2 spell levels left.
You knew the following spells:

 Your Spells              Type           Power        Failure   Level  Hunger
a - Ensorcelled Hibernat  Hex/Ice        ##....       9%          2    ##.....
b - Corona                Hex            ###....      2%          1    #......
c - Confuse               Hex            ###.....     6%          3    ###....


Dungeon Overview and Level Annotations

Branches:
Dungeon (3/15)

Altars:


Innate Abilities, Weirdness & Mutations

You heal slowly.
You have razor-sharp teeth.
You have supernaturally acute eyesight. (SInv)
You can survive without breathing.


Message History

The adder closely misses you. The adder bites you.
* * * LOW HITPOINT WARNING * * *
Casting: Ensorcelled Hibernation
Confirm with . or Enter, or press ? or * to list all spells.
Aiming: Ensorcelled Hibernation
Press: ? - help, Shift-Dir - straight line, f - adder
Aim: an adder (lightly wounded, chance to defeat MR: 51%)
The adder resists with some effort.
The adder closely misses you. The adder bites you.
* * * LOW HITPOINT WARNING * * *
An adder comes into view.
You see here 14 arrows.
The adder completely misses you.
Casting: Ensorcelled Hibernation
Confirm with . or Enter, or press ? or * to list all spells.
Aiming: Ensorcelled Hibernation
Press: ? - help, Shift-Dir - straight line, f/p - adder
Aim: an adder (lightly wounded, chance to defeat MR: 51%)
The adder resists with some effort.
The adder bites you.
You die...

###### #########....#
#...@S..l....#
#....#..(...?#
.......................
.###.......####......##
......$### #.####.# .
.##....## #.# # .#.. #.
.S...# #.#
...####.........# #.#
.....#..###... ...


You could see 2 adders and a frilled lizard.

Vanquished Creatures
  A gnoll (D:1)
  3 adders
  An ooze (D:1)
  3 worms
  2 dart slugs (D:1)
  3 leopard geckos
  An orc (D:3)
  11 bats
  A giant cockroach (D:1)
  7 goblins
  9 hobgoblins
  4 jackals (D:3)
  7 kobolds
  2 frilled lizards (D:2)
  7 rats
62 creatures vanquished.

Notes
Turn   | Place    | Note
-------+----------+-------------------------------------------
     0 | D:1      | lauthentik the Vampire Enchanter began the quest for the Orb.
     0 | D:1      | Reached XP level 1. HP: 13/13 MP: 3/3
    25 | D:1      | Reached XP level 2. HP: 19/19 MP: 5/5
    40 | D:1      | Learned a level 2 spell: Ensorcelled Hibernation
    96 | D:1      | Reached skill level 5 in Stealth
   226 | D:1      | Reached XP level 3. HP: 24/24 MP: 3/6
   231 | D:1      | Learned a level 3 spell: Confuse
   874 | D:2      | Reached skill level 6 in Stealth
   874 | D:2      | Reached skill level 5 in Hexes
   902 | D:2      | Reached XP level 4. HP: 9/30 MP: 1/7
  1572 | D:3      | HP: 1/31 [adder (3)]
  1578 | D:3      | Slain by an adder

Skill      XL: |  1  2  3 |
---------------+----------+-----
Stealth        | 5 6 |  6.6
Hexes          | 5 |  5.0
Fighting       | |  0.3
Short Blades   | |  1.5
Dodging        | |  2.8
Spellcasting   | |  2.5
Ice Magic      | |  0.6

Action                   |  1- 3 |  4- 6 || total
-------------------------+-------+-------++-------
Melee: Dagger            |    79 |    78 ||   157
       Bite              |     2 |     5 ||     7
 Cast: Ensorcelled Hiber |    19 |    19 ||    38
  Use: Potion            |       |     1 ||     1
 Stab: Sleeping          |    25 |    15 ||    40
       Distracted        |     1 |       ||     1
Armor: Robe              |    10 |    18 ||    28
Dodge: Dodged            |    43 |    65 ||   108
